Description

Working on Custom Build

Build Order

Get SALT Encoding   

  13  0:20  Pylon  @ EXPO Ramp
  15  0:40  Gateway (Chrono Boost)  After Pylon - Probe (Scout Cheese)
  17  0:50  Assimilator  Save Chrono (Stalkers)
  18  1:00  Assimilator  2 Probe Each Gas
  19  1:12  Gateway  @EXPO Wall
  20  1:30  Cybernetics Core  @EXPO Wall
  21  1:38  Pylon  @MAIN Minerals
  23  2:12  Stalker x2 (Chrono Boost)  27/31 Cut Probes + Warpgate
  23  2:26  Stalker x2  
  31  2:30  Pylon  @EXPO Minerals/Proxy? Resume Probes
  32  2:55  Nexus  Attack After Stalkers Finish (Save Chrono)
  33  3:10  Robotics Bay  @MAIN Minerals
  34  3:20  Pylon  @MAIN Flank
  35  3:50  Gateway  @MAIN Minerals
  35  3:58  Observer (Chrono Boost)  Rally @ Enemy EXPO
  37  4:00  Robotics Bay  @EXPO Minerals + Collosi Range
  37  4:05  Stalker x2  
  47  4:28  Immortal (Chrono Boost)  Rally @ Friendly Ramp
  53  4:46  Assimilator  
  53  4:48  Assimilator  
  60  5:00  Colossus (Chrono Boost)  +Range Upgrade
  60  5:15  Pylon  @MAIN Flank
  62  5:35  Nexus  @3rd EXPO
Spawning Tool Build Advisor. Get it on Overwolf

Go to:

Details

  • Created by: calvin626
  • Published on: May 26, 2020
  • Modified on: May 26, 2020
  • Patch: 4.11.0
  • Difficulty: Medium
Show
View Real Time Build Order
Export as new Build Order

Comments (0)

There are no comments. Be the first!

Create an account to comment!